 Dungeon Crawl Stone Soup version 0.18.1-6-gd335043 (webtiles) character file.

11 Implojin the Insei (level 2, -1/24 HPs)
             Began as a Mummy Monk on May 17, 2016.
             Slain by a giant gecko (5 damage)
             ... on level 1 of the Dungeon.
             The game lasted 00:01:16 (406 turns).

Implojin the Insei (Mummy Monk)                      Turns: 406, Time: 00:01:17

Health: -1/24      AC:  0    Str: 14    XL:     2   Next: 17%
Magic:  2/2        EV: 13    Int:  9    God:
Gold:   0          SH:  0    Dex: 14    Spells: 0 memorised, 1 level left

rFire  x . .     SeeInvis .       - Unarmed
rCold  + . .     Gourm    .     (no armour)
rNeg   + + +     Faith    .     (no shield)
rPois  ∞         Spirit   .     (no helmet)
rElec  .         Dismiss  .     (no cloak)
rCorr  .         Reflect  .     (no gloves)
SustAt .         Harm     .     (no boots)
MR     .....                    (no amulet)
Stlth  ++........               (no ring)
                                (no ring)

@: not resistant to hostile enchantments, unstealthy
A: no food or potions, fire vulnerability, cold resistance 1, negative energy
resistance 3, torment resistance, unbreathing
a: no special abilities


You were on level 1 of the Dungeon.
You were not hungry.

You visited 1 branch of the dungeon, and saw 1 of its levels.

Inventory:

Scrolls
 a - a scroll of enchant weapon {unknown}
 b - a scroll of identify {unknown}


   Skills:
 - Level 3.0 Fighting
 - Level 2.4 Dodging
 - Level 1.5 Stealth
 * Level 3.7 Unarmed Combat


You had one spell level left.
You didn't know any spells.

Dungeon Overview and Level Annotations

Branches:
Dungeon (1/15)

Altars:
Ashenzari


Innate Abilities, Weirdness & Mutations

You do not eat or drink.
Your flesh is vulnerable to fire.
You are immune to poison.
Your flesh is cold resistant.
You are immune to negative energy.
You are immune to unholy pain and torment.
You can survive without breathing.


Message History

The bat is severely wounded.
The bat barely misses you. 2 giant geckos come into view.
The bat hits you.
Found 5 tomahawks.
Found a shattered altar of Ashenzari.
You hit the bat.
You kill the bat!
The giant gecko bites you.
You barely miss the giant gecko. The giant gecko bites you.
* * * LOW HITPOINT WARNING * * *
The giant gecko bites you.
* * * LOW HITPOINT WARNING * * *
There is a dry fountain here.
Unknown command.
You hit the giant gecko.
The giant gecko is severely wounded.
The giant gecko bites you.
* * * LOW HITPOINT WARNING * * *
You closely miss the giant gecko.
The giant gecko is severely wounded.
The giant gecko bites you.
* * * LOW HITPOINT WARNING * * *
Read which item? (? for menu, Esc to quit)
Okay, then.
You hit the giant gecko.
You kill the giant gecko!
Unknown command.
You closely miss the giant gecko. The giant gecko misses you.
You completely miss the giant gecko. The giant gecko barely misses you.
You barely miss the giant gecko. The giant gecko barely misses you.
You barely miss the giant gecko. The giant gecko barely misses you.
You hit the giant gecko.
The giant gecko is heavily wounded.
The giant gecko bites you.
* * * LOW HITPOINT WARNING * * *
The giant gecko misses you.
You closely miss the giant gecko.
The giant gecko is heavily wounded.
The giant gecko bites you.
You die...

# #####≈..#########
#.#######
.................
....... #...†........
...#.# ##.....#.#### #
### #...# #....##.†...
..#.. #...##
####.##########
......#..†.# #.......#
#...##.#.####.##.##.#
⌠.#.+#..⌠#.l@.........#
.........#............#
#...l...#####.#!......#
#.......# #.#.......#
+..._...+ #.#.......#
#.......# #.##.######
#.......# #.# .#
......... ..# .#
⌠.##+##.⌠


You could see a giant gecko.

Vanquished Creatures
  A worm (D:1)
  A dart slug (D:1)
  A giant gecko (D:1)
  A bat (D:1)
  2 giant newts (D:1)
  2 rats (D:1)
8 creatures vanquished.

Notes
Turn   | Place    | Note
--------------------------------------------------------------
     0 | D:1      | Implojin the Mummy Monk began the quest for the Orb.
     0 | D:1      | Reached XP level 1. HP: 18/18 MP: 1/1
   251 | D:1      | Reached XP level 2. HP: 14/24 MP: 2/2
   386 | D:1      | Found a shattered altar of Ashenzari.
   406 | D:1      | Slain by a giant gecko

Action                   || total
-------------------------++-------
Melee: Unarmed           ||    34
       Punch             ||     1
 Stab: Sleeping          ||     1
Dodge: Dodged            ||    16

Table legend:
 A = Turns spent in this place as a percentage of turns spent in the entire game.
 B = Non-inter-level travel turns spent in this place as a percentage of non-inter-level travel turns spent in the entire game.
 C = Inter-level travel turns spent in this place as a percentage of turns spent in this place.
 D = Turns resting spent in this place as a percentage of non-inter-level travel turns spent in this place.
 E = Turns spent auto-exploring this place as a percentage of non-inter-level travel turns spent in this place.
 F = Non-inter-level travel turns spent in this place divided by the number of levels of this place that you've seen.
                   A       B       C       D       E      F
               +-------+-------+-------+-------+-------+----------------------
         Total | 100.0 | 100.0 |   0.0 |   2.5 |   1.8 | 163.0
       Dungeon | 100.0 | 100.0 |   0.0 |   2.5 |   1.8 | 163.0
               +-------+-------+-------+-------+-------+----------------------

Table legend:
 A = Kills in this place as a percentage of kills in entire the game.
 B = Kills by you in this place as a percentage of kills by you in the entire game.
 C = Kills by friends in this place as a percentage of kills by friends in the entire game.
 D = Other kills in this place as a percentage of other kills in the entire game.
 E = Experience gained in this place as a percentage of experience gained in the entire game.
 F = Experience gained in this place divided by the number of levels of this place that you have seen.
                   A       B       C       D       E      F
               +-------+-------+-------+-------+-------+----------------------
         Total | 100.0 | 100.0 |  -nan |  -nan | 100.0 |  17.0
       Dungeon | 100.0 | 100.0 |  -nan |  -nan | 100.0 |  17.0
               +-------+-------+-------+-------+-------+----------------------
